 Dungeon Crawl Stone Soup version 0.20-a0-1109-ge3cd172 (webtiles) character file.

21263 Kidiri the Thaumaturge (level 12, -1/69 HPs)
             Began as a Deep Elf Fire Elementalist on May 3, 2017.
             Was a Priest of Vehumet.
             Splashed by an acid blob's acid (14 damage)
             ... on level 5 of the Lair of Beasts on May 5, 2017.
             The game lasted 01:07:59 (14476 turns).

Kidiri the Thaumaturge (DEFE)                      Turns: 14476, Time: 01:08:00

Health: -1/69      AC:  1    Str: 21    XL:     12   Next: 52%
Magic:  27/31      EV: 18    Int: 28    God:    Vehumet [***...]
Gold:   832        SH:  5    Dex: 15    Spells: 17/38 levels left

rFire    + . .     SeeInvis .   L - +4 long sword of the Realm of Zot {venom, rPois rC+}
rCold    . . .     Gourm    .   m - +0 buckler
rNeg     . . .     Faith    .   f - +2 robe of Nobility {Str+10}
rPois    +         Spirit   .   Z - +0 helmet
rElec    .         Reflect  .   K - +0 cloak
rCorr    .         Harm     .   r - +0 pair of gloves
MR       ++...                  G - +0 pair of boots
Stlth    ++........             B - amulet of rage
Regen    0.3/turn               J - +6 ring of strength
MPRegen  0.3/turn               l - ring of fire

@: corroded
A: clever 1, magic resistance 1, poison resistance, wild magic 1, no potion heal
1, MP-powered wands
a: Renounce Religion, Evoke Berserk Rage


You were on level 5 of the Lair of Beasts.
You worshipped Vehumet.
Vehumet was most pleased with you.
You were not hungry.

You visited 3 branches of the dungeon, and saw 14 of its levels.
You also visited: Sewer.

You collected 832 gold pieces.

Inventory:

Hand Weapons
 h - a +3 dagger of freezing
 L - the +4 long sword of the Realm of Zot (weapon) {venom, rPois rC+}
   (You found it on level 8 of the Dungeon)

   It poisons the flesh of those it strikes.
   It protects you from cold.
   It protects you from poison.
Armour
 f - the +2 robe of Nobility (worn) {Str+10}
   (You found it on level 4 of the Lair of Beasts)

   It affects your strength (+10).
 m - a +0 buckler (worn)
 r - a +0 pair of gloves (worn)
 x - a +0 troll leather armour {Purgy}
 G - a +0 pair of boots (worn)
 K - a +0 cloak (worn)
 N - a +1 robe of cold resistance
 Z - a +0 helmet (worn)
Jewellery
 l - a ring of fire (right hand)
 o - an uncursed ring of teleportation
 s - an uncursed ring of protection from cold
 B - an amulet of rage (around neck)
 F - an uncursed ring of protection from fire
 J - a +6 ring of strength (left hand)
 V - an uncursed ring of protection from magic
Wands
 a - a wand of digging (10/24)
 i - a wand of lightning (10/15)
 C - a wand of confusion (46/48)
 D - a wand of enslavement (16/24)
 P - a wand of disintegration (7/24)
 W - a wand of iceblast (8/15)
 X - a wand of flame (24/48)
 Y - a wand of polymorph (14/24)
Scrolls
 d - 2 scrolls of immolation
 n - a scroll of fog
 p - 3 scrolls of amnesia
 q - 2 scrolls of enchant armour {unknown}
 t - 4 scrolls of recharging
 y - 4 scrolls of teleportation
 H - 6 scrolls of remove curse
 I - 3 scrolls of magic mapping
 M - a scroll of vulnerability
 T - a scroll of brand weapon {unknown}
Potions
 e - 3 potions of flight
 g - a potion of agility
 j - 3 potions of lignification
 k - 2 potions of heal wounds
 u - a potion of resistance
 w - a potion of invisibility {unknown}
 z - a potion of brilliance
 A - 2 potions of berserk rage
 E - 3 potions of curing
 O - 6 potions of haste
 S - 4 potions of ambrosia
Comestibles
 c - 8 bread rations
 Q - 45 fruits
 U - 4 meat rations


   Skills:
 + Level 5.7 Fighting
 + Level 6.8 Short Blades
 + Level 5.6 Armour
 + Level 8.9 Dodging
 - Level 2.4 Stealth
 - Level 4.0 Shields
 * Level 13.7 Spellcasting
 + Level 8.6 Conjurations
 + Level 8.8 Fire Magic


You had 17 spell levels left.
You knew the following spells:

 Your Spells              Type           Power        Failure   Level  Hunger
a - Flame Tongue          Conj/Fire      #####        1%          1    None
b - Throw Flame           Conj/Fire      ######       1%          2    None
c - Conjure Flame         Conj/Fire      #######.     1%          3    None
d - Inner Flame           Hex/Fire       ######..     1%          3    None
e - Sticky Flame          Conj/Fire      #######.     1%          4    None
f - Fireball              Conj/Fire      #######...   1%          5    #......
g - Ignite Poison         Fire/Tmut/Pois ######..     1%          3    None


Dungeon Overview and Level Annotations

Branches:
Dungeon (8/15)             Temple (1/1) D:7            Lair (5/6) D:8
  Swamp (0/4) Lair:2       Spider (0/4) Lair:3        Slime (0/5) Lair:5

Altars:
Ashenzari
Dithmenos
Elyvilon
Fedhas
Gozag
Hepliaklqana
Kikubaaqudgha
Makhleb
Nemelex Xobeh
Okawaru
Qazlal
Ru
Sif Muna
Trog
Uskayaw
Vehumet
Wu Jian
Xom
Yredelemnul
Zin
The Shining One

Shops:
D:5 *   D:7 %   D:8 (

Annotations:
Lair:1 exclusion: oklob plant
Lair:5 exclusion: catoblepas, Nessos


Innate Abilities, Weirdness & Mutations

Your mind is acute. (Int +2)
You are resistant to hostile enchantments. (MR+)
Your system is resistant to poisons. (rPois)
Your spells are a little harder to cast, but a little more powerful.
Potions are less effective at restoring your health.
You expend magic power (3 MP) to strengthen your wands.


Message History

* * * LOW HITPOINT WARNING * * *
The acid blob is lightly wounded.
The acid blob burns! x2; The acid blob barely misses you.
Unknown command.
Unknown command.
Casting: Sticky Flame
Confirm with . or Enter, or press ? or * to list all spells.
Okay, then.
Evoke which item? (* to show all) (? for menu, Esc to quit)
Okay, then.
Press: ? - help, v - describe, . - travel
Here: an acid blob (moderately wounded, covered in liquid flames)
The floor.
Unknown command.
The acid blob burns!
The acid blob stops burning.
The acid blob spits acid at you. The splash of acid hits you!
* * * LOW HITPOINT WARNING * * *
The acid corrodes you!
You are splashed with acid!
The acid burns!
You die...

####PPP....##...PP....#.#
#.#..P.....#.......#.####
.##....#..#.. #.....##
###..# #....####....#####
..#..###.....#......PP..#
+.....#.....#...)......##
###.............##......#
P##.P..#..>...#.J'......#
.##.............@......[#
.................#.....##
#.#..##......#.#)..##..#
##....###.#.#.##..## #.#
#....#..........P.# ##
###...............#
...P.#..PP....###
.............## .. .....#


You could see an acid blob.

Vanquished Creatures
  Josephine (Lair:5)
  Fannar (Lair:1)
  4 hydras
  A swamp dragon (Lair:2)
  The ghost of Malvoorn the Cleaver, a novice HOBe of Trog (D:6)
  A black mamba (Lair:5)
  Joseph (Lair:1)
  An eye of devastation (Lair:5)
  7 spiny frogs
  A komodo dragon (Lair:2)
  A rime drake (Lair:3)
  A jumping spider (Lair:3)
  Prince Ribbit (D:7)
  7 dream sheep (Lair:5)
  4 hippogriffs
  3 blink frogs (Lair:1)
  Sigmund (D:2)
  A redback (Lair:3)
  A wraith (Lair:5)
  20 yaks
  2 wyverns
  A hungry ghost (D:7)
  A basilisk (Lair:1)
  5 porcupines
  4 water moccasins
  An ice beast (D:6)
  A sky beast (D:6)
  Purgy (Sewer)
  2 black bears
  8 wolves
  2 ogres
  A centaur (D:7)
  2 phantoms
  10 crocodiles
  A big kobold (D:8)
  11 bullfrogs
  A scorpion (D:8)
  6 killer bees (D:8)
  A howler monkey (D:5)
  An electric eel (Lair:1)
  A bullfrog zombie (D:6)
  12 crimson imps
  3 hounds
  A bullfrog skeleton (D:8)
  An orc priest (D:7)
  2 centaur skeletons (D:6)
  6 orc wizards
  Ijyb (D:3)
  Natasha (thrice) (D:2)
  3 iguanas (D:7)
  5 worker ants
  3 hound zombies
  13 adders
  3 gnolls (D:2)
  An ooze (D:3)
  An adder zombie (D:8)
  2 adder skeletons
  2 worms
  A dart slug (D:4)
  9 leopard geckos
  17 orcs
  A ball python (Sewer)
  7 giant cockroaches
  8 goblins
  9 hobgoblins
  9 jackals
  3 quokkas
  10 bats
  10 frilled lizards
  A jackal skeleton (D:4)
  A jackal zombie (D:8)
  12 kobolds
  2 leopard gecko skeletons
  A quokka skeleton (D:7)
  7 rats
  A fungus (Lair:2)
293 creatures vanquished.

Vanquished Creatures (others)
  A wraith (Lair:5)
  A quokka (D:6)
  3 fungi
5 creatures vanquished.

Grand Total: 298 creatures vanquished

Notes
Turn   | Place    | Note
-------+----------+-------------------------------------------
     0 | D:1      | Kidiri the Deep Elf Fire Elementalist began the quest for the Orb.
     0 | D:1      | Reached XP level 1. HP: 10/10 MP: 6/6
    41 | D:1      | Upgraded the game from 0.20-a0-1089-g3fde505 to 0.20-a0-1109-ge3cd172
   344 | D:1      | Reached XP level 2. HP: 15/15 MP: 4/8
   348 | D:1      | Learned a level 2 spell: Throw Flame
   989 | D:1      | Reached XP level 3. HP: 15/19 MP: 10/10
   994 | D:1      | Learned a level 3 spell: Conjure Flame
   998 | D:1      | Learned a level 3 spell: Inner Flame
  1170 | D:2      | Reached skill level 4 in Spellcasting
  1460 | D:2      | You fall through a shaft!
  1821 | D:3      | Reached XP level 4. HP: 24/24 MP: 9/12
  1824 | D:3      | Noticed Ijyb
  1837 | D:3      | Killed Ijyb
  1865 | D:3      | Found a glowing drain.
  1866 | D:3      | Reached skill level 5 in Spellcasting
  1929 | Sewer    | Entered a sewer
  1994 | Sewer    | Learned a level 4 spell: Sticky Flame
  2006 | Sewer    | Noticed Purgy
  2009 | Sewer    | Killed Purgy
  2009 | Sewer    | Reached XP level 5. HP: 28/28 MP: 6/15
  2237 | D:3      | Found a sacrificial altar of Ru.
  2268 | D:2      | Noticed Sigmund
  2268 | D:2      | Noticed Natasha
  2630 | D:2      | Reached skill level 6 in Spellcasting
  3016 | D:2      | Killed Sigmund
  3016 | D:2      | Reached skill level 5 in Fire Magic
  3016 | D:2      | Reached XP level 6. HP: 32/32 MP: 8/17
  3023 | D:2      | Learned a level 5 spell: Fireball
  3027 | D:2      | Killed Natasha
  3027 | D:2      | Reached skill level 7 in Spellcasting
  3406 | D:2      | Noticed Natasha
  3409 | D:2      | Killed Natasha
  3460 | D:2      | Noticed Natasha
  3463 | D:2      | Killed Natasha
  3628 | D:3      | Reached XP level 7. HP: 35/36 MP: 17/19
  4055 | D:4      | Reached skill level 1 in Fighting
  4586 | D:5      | Entered Level 5 of the Dungeon
  4631 | D:5      | Reached skill level 1 in Armour
  4631 | D:5      | Reached skill level 1 in Short Blades
  4631 | D:5      | Reached skill level 1 in Shields
  4923 | D:5      | Found an opulent altar of Gozag.
  5103 | D:5      | Found Gozag's Platinum Reserve.
  5267 | D:5      | Reached skill level 8 in Spellcasting
  5686 | D:5      | Reached XP level 8. HP: 43/43 MP: 22/22
  6053 | D:6      | Noticed Malvoorn's ghost (novice HOBe)
  6070 | D:6      | Killed Malvoorn's ghost
  6170 | D:6      | Reached skill level 9 in Spellcasting
  6476 | D:6      | Found a blossoming altar of Fedhas.
  6560 | D:6      | Found a white marble altar of Elyvilon.
  6576 | D:6      | Found an opulent altar of Gozag.
  6577 | D:6      | Found a shimmering altar of Xom.
  6812 | D:6      | Found a glowing golden altar of the Shining One.
  6813 | D:6      | Found an ancient bone altar of Kikubaaqudgha.
  6871 | D:6      | Found a deep blue altar of Sif Muna.
  7090 | D:7      | Found a staircase to the Ecumenical Temple.
  7101 | Temple   | Entered the Ecumenical Temple
  7360 | Temple   | Became a worshipper of Vehumet
  7647 | D:7      | Reached skill level 5 in Dodging
  7767 | D:7      | Reached XP level 9. HP: 46/49 MP: 18/24
  7773 | D:7      | Reached skill level 5 in Conjurations
  8026 | D:7      | Reached skill level 10 in Spellcasting
  8054 | D:7      | Found Daegegar's Food Shoppe.
  8522 | D:7      | Noticed Prince Ribbit
  8533 | D:7      | Killed Prince Ribbit
  8533 | D:7      | Reached * piety under Vehumet
  8533 | D:7      | Offered knowledge of Magic Dart by Vehumet.
  8803 | D:7      | Found a sparkling altar of Nemelex Xobeh.
  9275 | D:8      | Found a staircase to the Lair.
  9305 | D:8      | Reached XP level 10. HP: 56/56 MP: 21/26
  9313 | D:8      | Got an ancient long sword
  9314 | D:8      | Identified the +4 long sword of the Realm of Zot {venom, rPois rC+} (You found it on level 8 of the Dungeon)
  9531 | D:8      | Found a basalt altar of Yredelemnul.
  9717 | D:8      | Found Bibb's Weapon Boutique.
  9925 | Lair:1   | Entered Level 1 of the Lair of Beasts
  9929 | Lair:1   | Gained mutation: You are agile. (Dex +2) [potion of mutation]
  9929 | Lair:1   | Gained mutation: You are frail. (-10% HP) [potion of mutation]
  9929 | Lair:1   | Gained mutation: You are very frail. (-20% HP) [potion of mutation]
  9929 | Lair:1   | Gained mutation: You have sharp toenails. [potion of mutation]
  9930 | Lair:1   | Lost mutation: You are agile. (Dex +2) [potion of mutation]
  9930 | Lair:1   | Lost mutation: You are very frail. (-20% HP) [potion of mutation]
  9930 | Lair:1   | Lost mutation: You are frail. (-10% HP) [potion of mutation]
  9930 | Lair:1   | Gained mutation: You tend to lose your temper in combat. [potion of mutation]
  9930 | Lair:1   | Gained mutation: You occasionally shout uncontrollably at your foes. [potion of mutation]
  9930 | Lair:1   | Gained mutation: Your spells are a little harder to cast, but a little more powerful. [potion of mutation]
  9973 | Lair:1   | Reached ** piety under Vehumet
  9973 | Lair:1   | Offered knowledge of Freeze by Vehumet.
 10150 | Lair:1   | Noticed a spiny frog
 10160 | Lair:1   | Killed a spiny frog
 10176 | Lair:1   | Reached skill level 11 in Spellcasting
 10432 | Lair:1   | Noticed an eight-headed hydra
 10449 | Lair:1   | Killed an eight-headed hydra
 10536 | Lair:1   | Reached XP level 11. HP: 61/61 MP: 20/28
 10644 | Lair:1   | Noticed Fannar
 10662 | Lair:1   | Killed Fannar
 10662 | Lair:1   | Reached skill level 5 in Short Blades
 10786 | Lair:1   | Noticed an oklob plant
 10792 | Lair:1   | Noticed Joseph
 10802 | Lair:1   | Killed Joseph
 10836 | Lair:1   | Lost mutation: You tend to lose your temper in combat. [potion of mutation]
 10836 | Lair:1   | Lost mutation: You occasionally shout uncontrollably at your foes. [potion of mutation]
 10836 | Lair:1   | Gained mutation: You expend magic power (3 MP) to strengthen your wands. [potion of mutation]
 10836 | Lair:1   | Gained mutation: You evolve. [potion of mutation]
 10921 | Lair:2   | Noticed a seven-headed hydra
 10936 | Lair:2   | HP: 3/61 [seven-headed hydra (13)]
 10941 | Lair:2   | Killed a seven-headed hydra
 10941 | Lair:2   | Reached skill level 12 in Spellcasting
 11061 | Lair:2   | Found a staircase to the Swamp.
 11062 | Lair:2   | Noticed a swamp dragon
 11118 | Lair:2   | Gained mutation: Your system is resistant to poisons. (rPois) [evolution]
 11218 | Lair:2   | Killed a swamp dragon
 11421 | Lair:2   | Noticed a five-headed hydra
 11439 | Lair:2   | Killed a five-headed hydra
 11717 | Lair:2   | Noticed a four-headed hydra
 11732 | Lair:2   | Killed a four-headed hydra
 11915 | Lair:2   | Reached skill level 5 in Armour
 12183 | Lair:3   | Lost mutation: You have sharp toenails. [potion of mutation]
 12183 | Lair:3   | Gained mutation: You are surrounded by a mild repulsion field. (EV +2) [potion of mutation]
 12183 | Lair:3   | Gained mutation: You possess an exceptional clarity of mind. [potion of mutation]
 12184 | Lair:3   | Lost mutation: You possess an exceptional clarity of mind. [potion of mutation]
 12184 | Lair:3   | Lost mutation: You are surrounded by a mild repulsion field. (EV +2) [potion of mutation]
 12184 | Lair:3   | Gained mutation: Potions are less effective at restoring your health. [potion of mutation]
 12184 | Lair:3   | Gained mutation: Your mind is acute. (Int +2) [potion of mutation]
 12184 | Lair:3   | Lost mutation: You evolve. [potion of mutation]
 12184 | Lair:3   | Gained mutation: You are resistant to hostile enchantments. (MR+) [potion of mutation]
 12233 | Lair:3   | Reached skill level 5 in Fighting
 12256 | Lair:3   | Offered knowledge of Searing Ray by Vehumet.
 12260 | Lair:3   | Reached skill level 13 in Spellcasting
 12260 | Lair:3   | Reached XP level 12. HP: 41/68 MP: 15/31
 12481 | Lair:3   | Found a hole to the Spider Nest.
 13112 | Lair:4   | Got a twisted robe
 13123 | Lair:4   | Identified the +2 robe of Nobility {Str+10} (You found it on level 4 of the Lair of Beasts)
 13601 | Lair:5   | Reached *** piety under Vehumet
 13766 | Lair:5   | Noticed Josephine
 13771 | Lair:5   | Killed Josephine
 14081 | Lair:5   | Noticed a catoblepas
 14293 | Lair:5   | Noticed Nessos
 14348 | Lair:5   | Offered knowledge of Ignite Poison by Vehumet.
 14353 | Lair:5   | Learned a level 3 spell: Ignite Poison
 14453 | Lair:5   | Found a staircase to the Slime Pits.
 14466 | Lair:5   | Noticed an acid blob
 14476 | Lair:5   | Splashed by an acid blob's acid

Vault maps used:
D:1:      sevenhm_arrival_forest_fort_small_3, hangedman_decor_clover_reticule
D:2:      first_bread, eino_tiny_chamber, uniq_sigmund, uniq_natasha
D:3:      portal_sewer_entry_d, nicolae_ru_great_annihilating_truth, uniq_ijyb
D:5:      nicolae_gozag_zags_fifth_avenue
D:6:      elyvilon_altar_4, gammafunk_temple_overflow_statue,
          lemuel_doored_altar, gammafunk_temple_overflow_pools, fedhas_altar_1
D:7:      black_bear_nest_1, overflow_temple_1_default,
          minmay_temple_entry_junction_2, nicolae_shop_scaring_up_business,
          uniq_prince_ribbit1
D:8:      yredelemnul_altar_generic, lair_entry_dummy, serial_shops,
          kennysheep_mini_moat, blue_anna_alchemist
Temple:   oiseaux_autumnal_temple
Lair:1:   minmay_lair_oklob_chamber, infiniplex_staircase_pool,
          grunt_megastairs_3, lemuel_fruit_fields, uniq_joseph, uniq_fannar
Lair:2:   minmay_swamp_entry_reptiles, lemuel_fruit_fields, lemuel_fruit_tree
Lair:3:   spider_nest_entry_a
Lair:5:   minmay_slime_entry_eyes, uniq_josephine, uniq_nessos
Sewer:    sewer_co_purgy_island

Skill      XL: |  1  2  3  4  5  6  7  8  9 10 11 12 |
---------------+-------------------------------------+-----
Spellcasting   | 4 5 6 7 8 9 10 11 13 | 13.7
Conjurations   | 2 3 4 5 6 7 8 |  8.6
Fire Magic     | 4 5 6 7 8 |  8.8
Fighting       | 1 2 3 4 5 |  5.7
Dodging        | 3 5 6 7 8 |  8.9
Armour         | 1 2 3 4 5 |  5.6
Short Blades   | 1 2 3 4 6 |  6.8
Shields        | 1 2 3 4 |  4.0
Stealth        | |  2.4

Action                   |  1- 3 |  4- 6 |  7- 9 | 10-12 || total
-------------------------+-------+-------+-------+-------++-------
Melee: Unarmed           |     3 |       |       |       ||     3
       Dagger            |    12 |    25 |   211 |    17 ||   265
       Long sword        |       |       |       |   148 ||   148
 Cast: Flame Tongue      |    61 |    41 |   157 |   107 ||   366
       Throw Flame       |     2 |    11 |     9 |    26 ||    48
       Conjure Flame     |       |     5 |     9 |    14 ||    28
       Sticky Flame      |       |     3 |    23 |    47 ||    73
       Inner Flame       |       |     1 |     1 |     5 ||     7
       Fireball          |       |       |     3 |    11 ||    14
Evoke: Wand              |       |       |     1 |       ||     1
  Use: Scroll            |     2 |       |    10 |    17 ||    29
       Potion            |       |       |       |     9 ||     9
 Stab: Sleeping          |     3 |     4 |     4 |     6 ||    17
       Distracted        |       |       |       |     1 ||     1
  Eat: Fruit             |     2 |       |     3 |       ||     5
       Chunk             |     1 |     4 |     9 |    11 ||    25
       Royal jelly       |       |     1 |     1 |     4 ||     6
       Meat ration       |       |       |     1 |       ||     1
Armor: Robe              |     3 |    13 |    24 |    13 ||    53
       Skin              |       |       |     4 |       ||     4
       Troll leather arm |       |       |    25 |    47 ||    72
Dodge: Dodged            |    30 |    36 |   155 |   192 ||   413
Block: Buckler           |       |       |    28 |    59 ||    87
       Rpst.: Long sword |       |       |       |    56 ||    56
